 Dungeon Crawl Stone Soup version 0.27.1-1-g398f81649c (webtiles) character file.

Game seed: 1844106124877554075

350 MisterFreud the Shield-Bearer (level 6, -2/72 (79) HPs)
             Began as a Gnoll Fighter on Sept 17, 2021.
             Slain by a wight (9 damage)
             ... on level 6 of the Dungeon.
             The game lasted 00:04:46 (3467 turns).

MisterFreud the Shield-Bearer (Gnoll Fighter)       Turns: 3467, Time: 00:04:46

HP:   -2/72 (79)    AC: 23    Str: 15    XL:     6   Next: 61%
MP:   9/9           EV:  2    Int:  9    God:
Gold: 205           SH: 10    Dex: 12    Spells: 9/9 levels left

rFire    . . .     SeeInvis +   a - +0 rapier
rCold    . . .     Faith    .   c - +0 kite shield
rNeg     + + +     Spirit   .   (armour currently unavailable)
rPois    +         Reflect  .   (helmet currently unavailable)
rElec    .         Harm     .   (cloak currently unavailable)
rCorr    .         Rampage  .   (gloves currently unavailable)
Will     .....     NoTele   +   (boots currently unavailable)
Stlth    ++........             (no amulet)
HPRegen  0.22/turn              t - ring of see invisible
MPRegen  0.11/turn              (no ring)

@: tree-form, attractive, drained
A: stationary, stasis, torment immunity, boosted hp, (fangs 1), strong nose,
distributed training
a: no special abilities


You were on level 6 of the Dungeon.
You were a tree.
You visited 1 branch of the dungeon, and saw 6 of its levels.

You collected 205 gold pieces.

Inventory:

Hand Weapons
 a - a +0 rapier (weapon)
 f - a +2 vampiric dagger
Missiles
 o - 11 boomerangs (quivered)
 p - 8 atropa-tipped darts
 v - 14 poisoned darts
Armour
 b - a +0 scale mail (melded)
 c - a +0 kite shield (worn)
 m - a +0 cloak (melded)
Jewellery
 t - a ring of see invisible (left branch)
Wands
 s - a wand of polymorph (12)
Scrolls
 e - 2 scrolls of noise {unknown}
 j - 3 scrolls of amnesia
 k - 2 scrolls of teleportation {unknown}
 n - 3 scrolls of identify {unknown}
 u - a scroll of enchant armour {unknown}
 x - a scroll of silence {unknown}
Potions
 d - a potion of might
 g - a potion of attraction
 h - a potion of lignification
 i - a potion of degeneration {unknown}
 l - a potion of mutation {unknown}
 q - 2 potions of heal wounds {unknown}
 r - a potion of flight {unknown}
 w - a potion of brilliance {unknown}


   Skills:
 + Level 6.8 Fighting
 + Level 5.0 Short Blades
 + Level 2.0 Long Blades
 + Level 2.0 Axes
 + Level 2.0 Maces & Flails
 + Level 2.0 Polearms
 + Level 2.0 Staves
 + Level 2.0 Slings
 + Level 2.0 Bows
 + Level 2.0 Crossbows
 + Level 2.0 Throwing
 + Level 6.8 Armour
 + Level 2.0 Dodging
 + Level 2.0 Stealth
 + Level 6.8 Shields
 + Level 2.0 Unarmed Combat
 + Level 2.0 Spellcasting
 + Level 1.6 Conjurations
 + Level 1.6 Hexes
 + Level 1.6 Summonings
 + Level 1.6 Necromancy
 + Level 1.6 Translocations
 + Level 1.6 Transmutations
 + Level 1.6 Fire Magic
 + Level 1.6 Ice Magic
 + Level 1.6 Air Magic
 + Level 1.6 Earth Magic
 + Level 1.6 Poison Magic
 + Level 2.2 Invocations
 + Level 2.0 Evocations


You had 9 spell levels left.
You didn't know any spells.
Your spell library contained the following spells:

 Spells                   Type           Power      Damage    Failure   Level
 Summon Small Mammal      Summ           12%        N/A       43%         1
 Call Canine Familiar     Summ           3%         N/A       82%         3
 Summon Guardian Golem    Hex/Summ       3%         N/A       82%         3


Dungeon Overview and Level Annotations

Branches:
Dungeon (6/15)
 Temple: D:4-7

Altars:
Cheibriados
Trog
Xom
Zin

Shops:
D:2 =   D:3 [

Annotations:
D:4 1 runed translucent door, MisterFreud's ghost, amateur GnFi
D:5 Blork the orc


Innate Abilities, Weirdness & Mutations

You are a tree.
Your roots penetrate the ground, keeping you stationary.
You cannot be teleported.
You are immune to unholy pain and torment.
Your maximum health is greatly increased.
Your equipment is partially melded.
((You have very sharp teeth.))
Your uncanny sense of smell can sniff out nearby items.
Your experience applies equally to all skills.


Message History

You hit the wight.
You destroy the wight!
You closely miss the wight. You block the wight's attack.
The orc wizard casts a spell.
The orc wizard flickers and vanishes for a moment.
The wight hits you with a +3 war axe!
You feel drained.
You hit the orc.
The orc is lightly wounded.
You block the orc's attack. You block the wight's attack.
You hit the orc.
The orc is moderately wounded.
The orc hits you with a +0 whip. You block the wight's attack.
You hit the orc but do no damage. Your bite misses the orc.
The orc is moderately wounded.
The orc barely misses you. You block the wight's attack.
You block the orc's attack.
You barely miss the orc.
The orc is moderately wounded.
The wight hits you with a +3 war axe!
* * * LOW HITPOINT WARNING * * *
You feel drained.
* * * LOW HITPOINT WARNING * * *
The orc hits you but does no damage.
Unknown command.
Unknown command.
As you read the scroll labelled MITYXEMITA, it crumbles to dust.
It is a scroll of amnesia.
You feel forgetful for a moment. The wight hits you with a +3 war axe.
* * * LOW HITPOINT WARNING * * *
You block the orc's attack.
It was a potion of attraction.
You feel attractive to monsters. The wight hits you with a +3 war axe.
* * * LOW HITPOINT WARNING * * *
The orc hits you but does no damage.
It was a potion of lignification.
You turn into a tree.
Your +0 cloak melds into your body.
Your +0 scale mail melds into your body.
Your roots penetrate the ground.
The wight hits you with a +3 war axe!
You die...

#.##########z#
.........<.z.#
........####.oo..
..#####o# .o. #o#
# #z# #o# #z# #♣#
#o# ..# ##.# ..#
#.. ∆ ###


You could see 2 wights, an orc wizard (invisible) and 3 orcs.

Vanquished Creatures
  A water moccasin (D:5)
  2 wights (D:6)
  A bullfrog skeleton (D:4)
  An orc wizard (D:3)
  A howler monkey skeleton (D:5)
  An adder (D:3)
  A worm (D:3)
  3 dart slugs
  6 orcs
  7 bats
  2 endoplasms
  2 giant cockroaches
  13 goblins
  3 hobgoblins (D:1)
  9 jackals
  7 kobolds
  5 quokkas
  9 ball pythons
  2 frilled lizards (D:1)
  7 rats
83 creatures vanquished.

Notes
Turn   | Place    | Note
-------+----------+-------------------------------------------
     0 | D:1      | MisterFreud the Gnoll Fighter began the quest for the Orb.
     0 | D:1      | Reached XP level 1. HP: 23/23 MP: 1/1
   134 | D:1      | Reached XP level 2. HP: 28/29 MP: 2/2
   415 | D:1      | Reached XP level 3. HP: 35/35 MP: 3/3
   890 | D:2      | Reached skill level 1 in Invocations
  1281 | D:2      | Found Gizy's Jewellery Shoppe.
  1547 | D:3      | Reached skill level 1 in Long Blades
  1547 | D:3      | Reached skill level 1 in Axes
  1547 | D:3      | Reached skill level 1 in Maces & Flails
  1547 | D:3      | Reached skill level 1 in Polearms
  1547 | D:3      | Reached skill level 1 in Staves
  1547 | D:3      | Reached skill level 1 in Slings
  1547 | D:3      | Reached skill level 1 in Bows
  1547 | D:3      | Reached skill level 1 in Crossbows
  1547 | D:3      | Reached skill level 1 in Throwing
  1547 | D:3      | Reached skill level 1 in Dodging
  1547 | D:3      | Reached skill level 1 in Stealth
  1547 | D:3      | Reached skill level 1 in Unarmed Combat
  1547 | D:3      | Reached skill level 1 in Spellcasting
  1547 | D:3      | Reached skill level 1 in Evocations
  1570 | D:3      | Reached XP level 4. HP: 41/41 MP: 5/5
  1575 | D:3      | Found Duhuth's Antique Armour Boutique.
  1762 | D:3      | Found a shimmering altar of Xom.
  1982 | D:3      | Reached skill level 1 in Conjurations
  1982 | D:3      | Reached skill level 1 in Hexes
  1982 | D:3      | Reached skill level 1 in Summonings
  1982 | D:3      | Reached skill level 1 in Necromancy
  1982 | D:3      | Reached skill level 1 in Translocations
  1982 | D:3      | Reached skill level 1 in Transmutations
  1982 | D:3      | Reached skill level 1 in Fire Magic
  1982 | D:3      | Reached skill level 1 in Ice Magic
  1982 | D:3      | Reached skill level 1 in Air Magic
  1982 | D:3      | Reached skill level 1 in Earth Magic
  1982 | D:3      | Reached skill level 1 in Poison Magic
  2103 | D:3      | Reached XP level 5. HP: 39/47 MP: 6/6
  2397 | D:4      | Found a runed translucent door.
  2397 | D:4      | Noticed MisterFreud's ghost (amateur GnFi)
  2566 | D:4      | Found a snail-covered altar of Cheibriados.
  2575 | D:4      | Found a glowing silver altar of Zin.
  3063 | D:5      | Entered Level 5 of the Dungeon
  3063 | D:5      | Noticed a water moccasin
  3084 | D:5      | Killed a water moccasin
  3085 | D:5      | Reached XP level 6. HP: 15/53 MP: 8/8
  3369 | D:5      | Found a bloodstained altar of Trog.
  3426 | D:5      | Noticed Blork the orc
  3445 | D:6      | Reached skill level 5 in Short Blades
  3456 | D:6      | Identified the +4 scale mail of Tentacled the Good {Harm
                  | rN+++ Dex-2 Stlth-}
  3467 | D:6      | Slain by a wight

Illustrated notes

Levels and vault maps discovered:
D:1:      saegor_arrival_simple_e, layout_loops_ring
D:2:      layout_loops_ring, serial_shops, shop, kennysheep_generic_room_7
D:3:      layout_basic, mainiacjoe_overflow_cross_hatched, serial_shops, shop,
          due_unseen_surprise
D:4:      layout_gridville, mainiacjoe_overflow_swirl, gammafunk_ghost_grave
D:5:      layout_gridville, general_overflow_altar, evilmike_ruin_ashenzari,
          serial_shops, shop, uniq_blork_the_orc
D:6:      layout_loops_ring, tgw_sif, gammafunk_temple_overflow_claw

Skill      XL: |  1  2  3  4  5  6 |
---------------+-------------------+-----
Invocations    | 1 2 |  2.2
Long Blades    | 1 2 |  2.0
Axes           | 1 2 |  2.0
Maces & Flails | 1 2 |  2.0
Polearms       | 1 2 |  2.0
Staves         | 1 2 |  2.0
Slings         | 1 2 |  2.0
Bows           | 1 2 |  2.0
Crossbows      | 1 2 |  2.0
Throwing       | 1 2 |  2.0
Dodging        | 1 2 |  2.0
Stealth        | 1 2 |  2.0
Unarmed Combat | 1 2 |  2.0
Spellcasting   | 1 2 |  2.0
Evocations     | 1 2 |  2.0
Conjurations   | 1 |  1.6
Hexes          | 1 |  1.6
Summonings     | 1 |  1.6
Necromancy     | 1 |  1.6
Translocations | 1 |  1.6
Transmutations | 1 |  1.6
Fire Magic     | 1 |  1.6
Ice Magic      | 1 |  1.6
Air Magic      | 1 |  1.6
Earth Magic    | 1 |  1.6
Poison Magic   | 1 |  1.6
Short Blades   | 5 |  5.0
Fighting       | |  6.8
Armour         | |  6.8
Shields        | |  6.8

Action                   |  1- 3 |  4- 6 || total
-------------------------+-------+-------++-------
Melee: Rapier            |    46 |    22 ||    68
       Bite              |     9 |    23 ||    32
       Dagger            |    98 |   161 ||   259
  Use: Potion            |       |     2 ||     2
       Scroll            |       |     1 ||     1
Armor: Scale mail        |    41 |    45 ||    86
Dodge: Dodged            |    32 |    46 ||    78
Block: Kite shield       |    72 |    71 ||   143
